 Dungeon Crawl Stone Soup version 0.31-a0-164-g2312942fda (webtiles) character file.

Game seed: 8048579801146593339

86 qw the Shooter (level 4, -3/40 HPs)
             Began as a Naga Hunter on June 13, 2023.
             Slain by a goblin
             ... wielding a +0 dagger
             ... led by Robin
              (4 damage)
             ... on level 2 of the Dungeon.
             The game lasted 00:00:33 (1466 turns).

qw the Shooter (Naga Hunter)                        Turns: 1466, Time: 00:00:34

Health: -3/40      AC:  2    Str: 13    XL:     4   Next: 50%
Magic:  4/4        EV:  9    Int: 10    God:
Gold:   115        SH:  0    Dex: 16    Spells: 3/3 levels left

rFire   . . .        Y - +0 shortbow
rCold   . . .        (shield currently unavailable)
rNeg    . . .        c - +0 leather armour
rPois   +            (no helmet)
rElec   .            (no cloak)
rCorr   .            (no gloves)
SInv    +            (no barding)
Will    .....        (no amulet)
Stlth   ++           (no ring)
HPRegen 0.26/turn    (no ring)
MPRegen 0.09/turn

%: no passive effects
@: very slow
A: AC +1, large, see invisible, deformed body, poison resistance, slowness 2,
spit poison 1, naga tail 1
a: Spit Poison


You were on level 2 of the Dungeon.
You visited 1 branch of the dungeon, and saw 2 of its levels.

You collected 115 gold pieces.


Innate Abilities, Weirdness & Mutations

Your serpentine skin is tough. (AC +1)
You have supernaturally acute eyesight. (SInv)
Armour fits poorly on your strangely shaped body.
Your system is resistant to poisons. (rPois)
You cover ground very slowly.
You can spit poison.
You have a snake-like lower body.


   Skills:
 + Level 2.7 Fighting
 - Level 5.0 Ranged Weapons
 - Level 1.5 Dodging
 - Level 1.5 Stealth


You had 3 spell levels left.
You didn't know any spells.
Your spell library was empty.

Inventory:

Hand Weapons
 Y - a +0 shortbow (weapon)
Armour
 c - a +0 leather armour (worn)
Scrolls
 a - a scroll of teleportation {unknown}
 d - a scroll of identify {unknown}
 e - a scroll of poison {unknown}
 h - a scroll of amnesia {unknown}
Potions
 b - a potion of degeneration {unknown}
 f - a potion of curing {unknown}
 g - a potion of ambrosia {unknown}

Dungeon Overview and Level Annotations

Branches:
Dungeon (2/15)

Altars:

Annotations:
D:2 Robin


Message History

You shoot an arrow. The arrow hits the goblin.
You kill the goblin!
You have got your breath back.
1461 ||| INVOKING Spit Poison.
Aiming: Spit Poison (1% risk of failure)
Press: ? - help, Shift-Dir - straight line, f - hobgoblin The splash of poison hits the hobgoblin.
The hobgoblin is moderately wounded.
Robin zaps a wand.
Some rock shatters into small pieces.
The now-empty wand crumbles to dust.
The hobgoblin barely misses you.
A ball python comes into view.
You shoot an arrow. The ball python hisses angrily.
The arrow hits the hobgoblin.
You kill the hobgoblin!
The kobold misses you.
You shoot an arrow. The arrow barely misses the hobgoblin.
You have got your breath back.
The hobgoblin closely misses you. The kobold hits you with a +0 dagger.
The goblin barely misses you. The kobold barely misses you.
The hobgoblin hits you.
1464 ||| INVOKING Spit Poison.
Aiming: Spit Poison (1% risk of failure)
Press: ? - help, Shift-Dir - straight line, f/p - hobgoblin The splash of poison hits the hobgoblin but does no damage.
The hobgoblin is poisoned.
Robin throws the goblin at you! The goblin hits you with a +0 dagger.
The kobold hits you with a +0 dagger. The goblin misses you.
The hobgoblin hits you but does no damage.
You shoot an arrow. The arrow hits the hobgoblin.
The hobgoblin is almost dead.
You kill the hobgoblin!
The kobold hits you with a +0 dagger. The goblin hits you but does no damage.
Robin closely misses you. The goblin hits you but does no damage.
You shoot an arrow. The arrow misses the goblin.
You have got your breath back.
The kobold hits you with a +0 dagger. The goblin hits you with a +0 dagger.
Robin hits you from afar with a +0 spear.
The goblin hits you with a +0 dagger.
You die...

+ ... # ...#
# ...## #
.... # ##..#
# #..gS## #
#..SKg## #
#...#@)# ##
#.. #g## #.
## #.# #.
#.# #. #.###
### ##
#...#### #..
###....###.#
####..##.#
##.##.#


You could see Robin, an adder, 2 goblins, a ball python and a kobold.

Vanquished Creatures
  2 adders (D:2)
  A worm (D:2)
  2 dart slugs (D:2)
  5 ball pythons
  10 endoplasms (D:1)
  2 giant cockroaches (D:2)
  3 goblins (D:2)
  10 hobgoblins
  2 jackals (D:2)
  9 kobolds
  A quokka (D:1)
  3 bats (D:1)
  4 rats
54 creatures vanquished.

Notes
Turn   | Place    | Note
-------+----------+-------------------------------------------
     0 | D:1      | qw the Naga Hunter began the quest for the Orb.
     0 | D:1      | Reached XP level 1. HP: 19/19 MP: 1/1
     0 | D:1      | 0 ||| qw: Version: 0.2-a-29-gc1b59c4
     0 | D:1      | 0 ||| qw: Game counter: 4454
     0 | D:1      | 0 ||| qw: Always use a shield: true
     0 | D:1      | 0 ||| qw: God list: Okawaru
     0 | D:1      | 0 ||| qw: Allow faded altars: false
     0 | D:1      | 0 ||| qw: Do Orc after D:15 true
     0 | D:1      | 0 ||| qw: Do second Lair branch before Depths: true
     0 | D:1      | 0 ||| qw: Lair rune preference: random
     0 | D:1      | 0 ||| qw: Plans: Normal
     0 | D:1      | 0 ||| PLANNING D:1-11
   110 | D:1      | 110 ||| INVOKING Spit Poison.
   119 | D:1      | 119 ||| INVOKING Spit Poison.
   120 | D:1      | Reached skill level 4 in Ranged Weapons
   120 | D:1      | Reached XP level 2. HP: 26/26 MP: 2/2
   171 | D:1      | 171 ||| INVOKING Spit Poison.
   176 | D:1      | 176 ||| INVOKING Spit Poison.
   188 | D:1      | 188 ||| INVOKING Spit Poison.
   205 | D:1      | 205 ||| INVOKING Spit Poison.
   219 | D:1      | 219 ||| INVOKING Spit Poison.
   327 | D:1      | 327 ||| INVOKING Spit Poison.
   334 | D:1      | 334 ||| INVOKING Spit Poison.
   440 | D:1      | 440 ||| INVOKING Spit Poison.
   445 | D:1      | 445 ||| INVOKING Spit Poison.
   465 | D:1      | 465 ||| INVOKING Spit Poison.
   471 | D:1      | Reached XP level 3. HP: 32/32 MP: 3/3
   513 | D:1      | 513 ||| INVOKING Spit Poison.
   579 | D:1      | 579 ||| INVOKING Spit Poison.
   721 | D:1      | 721 ||| INVOKING Spit Poison.
   827 | D:1      | Found a faded altar of an unknown god.
   985 | D:1      | 985 ||| READING scroll labelled OMELILONTOI.
   986 | D:1      | 986 ||| READING scroll labelled ARPHAL FEIT.
   987 | D:1      | 987 ||| DROPPING scroll of butterflies.
   995 | D:2      | 995 ||| INVOKING Spit Poison.
  1006 | D:2      | 1006 ||| INVOKING Spit Poison.
  1011 | D:2      | 1011 ||| INVOKING Spit Poison.
  1033 | D:2      | 1033 ||| INVOKING Spit Poison.
  1064 | D:2      | 1064 ||| INVOKING Spit Poison.
  1067 | D:2      | 1067 ||| INVOKING Spit Poison.
  1117 | D:2      | 1117 ||| INVOKING Spit Poison.
  1121 | D:2      | Reached skill level 5 in Ranged Weapons
  1123 | D:2      | 1123 ||| INVOKING Spit Poison.
  1124 | D:2      | Reached XP level 4. HP: 37/39 MP: 4/4
  1128 | D:2      | 1128 ||| INVOKING Spit Poison.
  1193 | D:2      | 1193 ||| INVOKING Spit Poison.
  1196 | D:2      | 1196 ||| INVOKING Spit Poison.
  1201 | D:2      | 1201 ||| INVOKING Spit Poison.
  1229 | D:2      | 1229 ||| INVOKING Spit Poison.
  1295 | D:2      | 1295 ||| INVOKING Spit Poison.
  1301 | D:2      | 1301 ||| INVOKING Spit Poison.
  1304 | D:2      | 1304 ||| INVOKING Spit Poison.
  1304 | D:2      | HP: 3/40 [worm (8)]
  1446 | D:2      | 1446 ||| INVOKING Spit Poison.
  1452 | D:2      | 1452 ||| INVOKING Spit Poison.
  1452 | D:2      | Noticed Robin
  1453 | D:2      | 1453 ||| Stepping ~*~*~tactically~*~*~ (outnumbered).
  1455 | D:2      | 1455 ||| INVOKING Spit Poison.
  1461 | D:2      | 1461 ||| INVOKING Spit Poison.
  1464 | D:2      | 1464 ||| INVOKING Spit Poison.
  1465 | D:2      | HP: 8/40 [kobold/+0 dagger (3)]
  1466 | D:2      | HP: 1/40 [Robin/+0 spear (4)]
  1466 | D:2      | Slain by a goblin

Levels and vault maps discovered:
D:1:      amcnicky_arrival_wind_blow, layout_loops_corners,
          chequers_ecumenical_altar_lobes
D:2:      layout_basic, uniq_robin

Skill      XL: |  1  2  3 |
---------------+----------+-----
Ranged Weapons | 4 5 |  5.0
Fighting       | |  2.7
Dodging        | |  1.5
Stealth        | |  1.5

Action                     |  1- 3 |  4- 6 || total
---------------------------+-------+-------++-------
   Fire: Shortbow          |    79 |    39 ||   118
Ability: Spit Poison       |    23 |    13 ||    36
    Use: Scroll            |     2 |       ||     2
 Armour: Leather armour    |     8 |    14 ||    22
  Dodge: Dodged            |     7 |    19 ||    26

Table legend:
 A = Non-vault XP
 B = Vault XP
 C = Vault XP percentage of total XP
 D = Non-vault monster count
 E = Vault monster count
 F = Vault count percentage of total count
                 A         B        C        D         E       F
            +---------+---------+-------+---------+---------+-------
      Total |     110 |      14 |  11.3 |      47 |       7 |  13.0
            +---------+---------+-------+---------+---------+-------
        D:1 |      52 |       0 |   0.0 |      31 |       0 |   0.0
        D:2 |      58 |      14 |  19.4 |      16 |       7 |  30.4
            +---------+---------+-------+---------+---------+-------
